 Dungeon Crawl Stone Soup version 0.28-a0-1206-g193881aaa2 (webtiles) character file.

Game seed: 17598724947569489999

2992 Gwenloh the Martial Artist (level 9, -7/68 HPs)
             Began as a Gnoll Transmuter on Dec 20, 2021.
             Was an Initiate of Gozag.
             Mangled by a vampire (14 damage)
             ... on level 8 of the Dungeon.
             The game lasted 00:29:39 (10961 turns).

Gwenloh the Martial Artist (Gnoll Transmuter)      Turns: 10961, Time: 00:29:40

Health: -7/68      AC:  2    Str: 10    XL:     9   Next: 83%
Magic:  28/28      EV: 16    Int: 14    God:    Gozag
Gold:   833        SH:  0    Dex: 21    Spells: 11/21 levels left

rFire   . . .      SeeInvis .   a - +0 dagger (venom)
rCold   . . .      Faith    .   (no shield)
rNeg    . . .      Spirit   .   d - +0 robe
rPois   .          Reflect  .   (no helmet)
rElec   .          Harm     .   (no cloak)
rCorr   .          Rampage  .   (no gloves)
Will    .....                   (no boots)
Stlth   +.........              G - amulet of the acrobat
HPRegen 0.21/turn               i - +6 ring of dexterity
MPRegen 0.21/turn               k - ring of magical power

@: confused
A: fangs 1, strong nose, distributed training
a: Renounce Religion, Potion Petition, Call Merchant, Bribe Branch


You were on level 8 of the Dungeon.
You worshipped Gozag.
Gozag was pleased with you.
You visited 2 branches of the dungeon, and saw 9 of its levels.

You collected 956 gold pieces.
You spent 66 gold pieces at shops.
You paid 57 gold pieces to Gozag.

Inventory:

Hand Weapons
 a - a +0 dagger of venom (weapon)
 b - a +2 shortbow of flaming
 y - a +0 hunting sling
Missiles
 g - 161 stones (quivered)
 q - 71 sling bullets
 r - 23 poisoned darts
 z - 36 arrows
 A - 3 silver boomerangs
Armour
 d - a +0 robe (worn)
Jewellery
 c - a ring of protection from fire
 i - a +6 ring of dexterity (left hand)
 k - a ring of magical power (right hand)
 D - an amulet of reflection
 E - a ring of fire
 G - an amulet of the acrobat (around neck)
 J - a ring of positive energy
Wands
 H - a wand of iceblast (4)
Scrolls
 h - 2 scrolls of blinking
 l - 3 scrolls of amnesia
 o - a scroll of fog
 s - 2 scrolls of fear
 t - a scroll of summoning
 v - a scroll of magic mapping
 x - a scroll of teleportation {unknown}
 B - a scroll of enchant armour {unknown}
 C - 2 scrolls of identify
 I - a scroll of holy word {unknown}
 K - a scroll of enchant weapon {unknown}
Potions
 e - a potion of resistance
 f - 3 potions of brilliance
 j - a potion of flight
 m - a potion of ambrosia
 n - a potion of mutation
 p - a potion of magic
 u - a potion of degeneration {unknown}
 w - a potion of heal wounds {unknown}
 F - 2 potions of curing {unknown}


   Skills:
 + Level 5.3 Fighting
 + Level 4.6 Short Blades
 + Level 4.6 Long Blades
 + Level 4.6 Axes
 + Level 4.6 Maces & Flails
 + Level 4.6 Polearms
 + Level 4.6 Staves
 + Level 4.6 Slings
 + Level 4.6 Bows
 + Level 4.6 Crossbows
 + Level 4.6 Throwing
 + Level 4.6 Armour
 + Level 6.6 Dodging
 + Level 4.6 Stealth
 + Level 4.6 Shields
 + Level 8.1 Unarmed Combat
 + Level 6.9 Spellcasting
 + Level 3.8 Conjurations
 + Level 3.8 Hexes
 + Level 3.8 Summonings
 + Level 3.8 Necromancy
 + Level 3.8 Translocations
 + Level 5.4 Transmutations
 + Level 3.8 Fire Magic
 + Level 3.8 Ice Magic
 + Level 3.8 Air Magic
 + Level 3.8 Earth Magic
 + Level 3.8 Poison Magic
 + Level 5.1 Invocations
 + Level 4.6 Evocations


You had 11 spell levels left.
You knew the following spells:

 Your Spells              Type           Power      Damage    Failure   Level
a - Beastly Appendage     Tmut           40%        N/A       1%          1
b - Wereblood             Tmut           20%        N/A       2%          2
c - Spider Form           Tmut/Pois      17%        N/A       6%          3
d - Ice Form              Ice/Tmut       17%        N/A       22%         4

Your spell library contained the following spells:

 Spells                   Type           Power      Damage    Failure   Level
 Animate Skeleton         Necr           30%        N/A       3%          1
 Apportation              Tloc           30%        N/A       3%          1
 Magic Dart               Conj           60%        1d6       3%          1
 Pain                     Necr           60%        1d7       3%          1
 Passwall                 Tmut/Erth      14%        N/A       3%          2
 Call Imp                 Summ           15%        N/A       4%          2
 Mephitic Cloud           Conj/Pois/Air  15%        N/A       9%          3
 Swiftness                Air            15%        N/A       9%          3
 Vampiric Draining        Necr           15%        2d7       9%          3
 Fulminant Prism          Conj/Hex       7%         3d7       30%         4
 Iskenderun's Mystic Bla  Conj/Tloc      15%        2d5       30%         4
 Alistair's Intoxication  Tmut/Pois      11%        N/A       52%         5
 Lee's Rapid Deconstruct  Erth           7%         3d8*      63%         5


Dungeon Overview and Level Annotations

Branches:
Dungeon (8/15)             Temple (1/1) D:4
   Lair: D:8-11

Altars:
Ashenzari
Cheibriados
Dithmenos
Elyvilon
Fedhas
Gozag
Hepliaklqana
Kikubaaqudgha
Makhleb
Okawaru
Ru
Trog
Uskayaw
Vehumet
Xom
Zin

Shops:
D:1 (?!   D:2 (   D:3 =   D:6 *

Annotations:
D:6 ThreePoint314's ghost, novice HOFi


Innate Abilities, Weirdness & Mutations

You have very sharp teeth.
Your uncanny sense of smell can sniff out nearby items.
Your experience applies equally to all skills.


Message History

Something draws strength from your injuries!
You're too confused to move!
Something hits you! Something bites you!
* * * LOW HITPOINT WARNING * * *
Something draws strength from your injuries!
You feel less invigorated. Something closely misses you.
Something completely misses you.
You are more confused.
You feel invigorated. Something hits you. Something bites you.
Something draws strength from your injuries!
You're too confused to move!
Something hits you!
* * * LOW HITPOINT WARNING * * *
Something barely misses you.
You're too confused to move!
Something hits you. Something bites you.
* * * LOW HITPOINT WARNING * * *
Something draws strength from your injuries!
Something misses you. Something completely misses you.
Something completely misses you. x2
You're too confused to move!
You hear some strange, mumbled words.
You are more confused.
You're too confused to move!
Something barely misses you. Something bites you!
Something draws strength from your injuries!
You bump into the rock wall.
You feel less invigorated. Something hits you.
Something bites you but does no damage.
You barely miss something. Your punch misses something. Something hits you.
Something bites you.
* * * LOW HITPOINT WARNING * * *
Something draws strength from your injuries!
You hear some strange, mumbled words.
Something tries to affect you, but you resist.
Something closely misses you. Something barely misses you.
You're too confused to move!
Something hits you.
* * * LOW HITPOINT WARNING * * *
Something barely misses you. Something closely misses you. x2
You're too confused to move!
Something hits you!
* * * LOW HITPOINT WARNING * * *
Something bites you!
You die...
Your body crumbles into a pile of gold.

############
#.........@#
#..........#
#..........#
#..........#
#..........# ##
#..........# ##...
#..........#......
#...........>.(..(
#..........#)#####


There were no monsters in sight!

Vanquished Creatures
  2 water moccasins
  5 ice beasts (D:6)
  2 orc warriors (D:7)
  2 sky beasts (D:7)
  A hornet zombie (D:8)
  3 ogres
  2 black bears
  A centaur (D:6)
  A kobold brigand (D:7)
  A phantom (D:4)
  2 scorpions
  A wyvern zombie (D:7)
  A gnoll sergeant (D:7)
  A bullfrog zombie (D:5)
  2 jellies
  2 bullfrog skeletons (D:6)
  A centaur skeleton (D:6)
  2 hounds
  2 gnoll shamans (D:7)
  5 orc priests
  3 iguanas
  2 orc wizards (D:7)
  A killer bee zombie (D:6)
  2 hound skeletons (D:5)
  15 gnolls
  8 adders
  5 white imps (D:6)
  An ufetubus (D:7)
  A worm (D:2)
  2 dart slugs (D:2)
  12 orcs
  5 ball pythons
  4 endoplasms
  10 goblins
  6 hobgoblins
  14 kobolds
  2 quokkas (D:1)
  5 bats
  6 frilled lizards
  7 rats
150 creatures vanquished.

Vanquished Creatures (others)
  A plant (D:1)
1 creature vanquished.

Grand Total: 151 creatures vanquished

Notes
Turn   | Place    | Note
-------+----------+-------------------------------------------
     0 | D:1      | Gwenloh the Gnoll Transmuter began the quest for the Orb.
     0 | D:1      | Reached XP level 1. HP: 17/17 MP: 6/6
   274 | D:1      | Found Oteipu Xaurph's Distillery.
   296 | D:1      | Reached XP level 2. HP: 23/23 MP: 5/7
   304 | D:1      | Learned a level 2 spell: Wereblood
   376 | D:1      | Found Buxeth's Antique Weapon Emporium.
   480 | D:1      | Found Egre's Magic Scroll Emporium.
  1366 | D:2      | Found Nybeuk's Antique Weapon Emporium.
  1384 | D:2      | Reached XP level 3. HP: 25/28 MP: 5/9
  1386 | D:2      | Reached skill level 5 in Spellcasting
  1536 | D:2      | Reached skill level 1 in Invocations
  2076 | D:2      | Found a faded altar of an unknown god.
  2187 | D:2      | Reached skill level 1 in Short Blades
  2187 | D:2      | Reached skill level 1 in Long Blades
  2187 | D:2      | Reached skill level 1 in Axes
  2187 | D:2      | Reached skill level 1 in Maces & Flails
  2187 | D:2      | Reached skill level 1 in Polearms
  2187 | D:2      | Reached skill level 1 in Staves
  2187 | D:2      | Reached skill level 1 in Slings
  2187 | D:2      | Reached skill level 1 in Bows
  2187 | D:2      | Reached skill level 1 in Crossbows
  2187 | D:2      | Reached skill level 1 in Throwing
  2187 | D:2      | Reached skill level 1 in Armour
  2187 | D:2      | Reached skill level 1 in Stealth
  2187 | D:2      | Reached skill level 1 in Shields
  2187 | D:2      | Reached skill level 1 in Evocations
  2198 | D:2      | Reached XP level 4. HP: 26/34 MP: 8/11
  2516 | D:1      | Bought a scroll of identify for 22 gold pieces
  2516 | D:1      | Bought a scroll of identify for 22 gold pieces
  2516 | D:1      | Bought a scroll of identify for 22 gold pieces
  2713 | D:3      | Found Uxtekler's One-of-a-Kind Rings.
  2993 | D:3      | Reached skill level 1 in Conjurations
  2993 | D:3      | Reached skill level 1 in Hexes
  2993 | D:3      | Reached skill level 1 in Summonings
  2993 | D:3      | Reached skill level 1 in Necromancy
  2993 | D:3      | Reached skill level 1 in Translocations
  2993 | D:3      | Reached skill level 1 in Fire Magic
  2993 | D:3      | Reached skill level 1 in Ice Magic
  2993 | D:3      | Reached skill level 1 in Air Magic
  2993 | D:3      | Reached skill level 1 in Earth Magic
  2993 | D:3      | Reached skill level 1 in Poison Magic
  4246 | D:4      | Found a glowing silver altar of Zin.
  4319 | D:4      | Noticed a black bear
  4326 | D:4      | Learned a level 3 spell: Spider Form
  4408 | D:4      | Killed a black bear
  4409 | D:4      | Reached XP level 5. HP: 29/41 MP: 8/12
  4781 | D:4      | Found a staircase to the Ecumenical Temple.
  4788 | D:4      | Reached XP level 6. HP: 47/47 MP: 9/13
  4806 | Temple   | Entered the Ecumenical Temple
  4887 | Temple   | Became a worshipper of Gozag Ym Sagoz the Greedy
  4967 | D:4      | Reached skill level 5 in Dodging
  5189 | D:4      | Reached XP level 7. HP: 31/52 MP: 15/15
  5437 | D:5      | Entered Level 5 of the Dungeon
  5630 | D:5      | Reached skill level 7 in Unarmed Combat
  6250 | D:5      | Found a shadowy altar of Dithmenos.
  6295 | D:5      | Learned a level 4 spell: Ice Form
  6826 | D:5      | Found a burning altar of Makhleb.
  6826 | D:5      | Noticed a cacodemon
  6829 | D:5      | Noticed a neqoxec
  6829 | D:5      | Noticed a smoke demon
  7003 | D:6      | Reached XP level 8. HP: 31/60 MP: 9/16
  7514 | D:6      | Found a runed translucent gate.
  7514 | D:6      | Found a runed translucent gate.
  7514 | D:6      | Found a runed translucent gate.
  7582 | D:6      | Noticed ThreePoint314's ghost (novice HOFi)
  7701 | D:6      | Found Bell's General Store.
  8144 | D:6      | Found a hazy altar of Hepliaklqana.
  9071 | D:6      | Reached skill level 5 in Transmutations
  9071 | D:6      | Reached XP level 9. HP: 21/66 MP: 14/18
 10015 | D:7      | Found a radiant altar of Vehumet.
 10018 | D:7      | Found a broken altar of Ashenzari.
 10036 | D:7      | Reached skill level 5 in Fighting
 10043 | D:7      | Found a hide-covered altar of Uskayaw.
 10119 | D:7      | Reached skill level 8 in Unarmed Combat
 10398 | D:7      | Reached skill level 5 in Invocations
 10961 | D:8      | Mangled by a vampire

Illustrated notes

Levels and vault maps discovered:
D:1:      tarquinn_simple_flora_water_b, layout_basic, serial_shops,
          nicolae_square_shop, shop, nicolae_shop_temple_entry_statues_fountains
D:2:      layout_loops_cross, serial_shops, shop,
          dreamdust_ecumenical_altar_angels_and_demons, minmay_tall_x
D:3:      wad_river_or_something, layout_basic, nicolae_shop_unique_rings
D:4:      layout_basic, lemuel_crystal_altar, minmay_temple_entry_proselytizer
D:5:      layout_loops_ring, makhleb_altar_promises_db,
          mainiacjoe_overflow_paths, corexii_checkpoint_b, minmay_misc_feat_rows
D:6:      layout_basic, worldfamousw_hep_ancestral_shrine, gammafunk_ghost_icy,
          serial_shops, shop, kennysheep_small_square
D:7:      layout_loops_ring, chequers_temple_overflow_statue_of_worship
D:8:      layout_basic
Temple:   dpeg_three_leaves_temple

Skill      XL: |  1  2  3  4  5  6  7  8  9 |
---------------+----------------------------+-----
Spellcasting   | 5 6 |  6.9
Invocations    | 1 2 3 4 5 |  5.1
Short Blades   | 1 2 3 4 |  4.6
Long Blades    | 1 2 3 4 |  4.6
Axes           | 1 2 3 4 |  4.6
Maces & Flails | 1 2 3 4 |  4.6
Polearms       | 1 2 3 4 |  4.6
Staves         | 1 2 3 4 |  4.6
Slings         | 1 2 3 4 |  4.6
Bows           | 1 2 3 4 |  4.6
Crossbows      | 1 2 3 4 |  4.6
Throwing       | 1 2 3 4 |  4.6
Armour         | 1 2 3 4 |  4.6
Stealth        | 1 2 3 4 |  4.6
Shields        | 1 2 3 4 |  4.6
Evocations     | 1 2 3 4 |  4.6
Conjurations   | 1 2 3 |  3.8
Hexes          | 1 2 3 |  3.8
Summonings     | 1 2 3 |  3.8
Necromancy     | 1 2 3 |  3.8
Translocations | 1 2 3 |  3.8
Fire Magic     | 1 2 3 |  3.8
Ice Magic      | 1 2 3 |  3.8
Air Magic      | 1 2 3 |  3.8
Earth Magic    | 1 2 3 |  3.8
Poison Magic   | 1 2 3 |  3.8
Fighting       | 3 4 5 |  5.3
Transmutations | 4 5 |  5.4
Dodging        | 5 6 |  6.6
Unarmed Combat | 7 8 |  8.1

Action                   |  1- 3 |  4- 6 |  7- 9 || total
-------------------------+-------+-------+-------++-------
Melee: Unarmed           |    24 |     9 |   136 ||   169
       Kick              |    11 |     6 |     9 ||    26
       Headbutt          |     7 |     6 |     2 ||    15
       Dagger            |    55 |    57 |   114 ||   226
       Bite              |     3 |     3 |    14 ||    20
       Punch             |     2 |       |     6 ||     8
 Fire: Hunting sling     |    27 |    41 |       ||    68
       Shortbow          |       |       |   113 ||   113
Throw: Stone             |    23 |     3 |       ||    26
 Cast: Beastly Appendage |    17 |     5 |     3 ||    25
       Wereblood         |     3 |     1 |       ||     4
       Spider Form       |       |     2 |    14 ||    16
       Ice Form          |       |       |     9 ||     9
  Use: Scroll            |       |    11 |     1 ||    12
       Potion            |       |       |     2 ||     2
 Stab: Sleeping          |       |     3 |     3 ||     6
       Distracted        |       |       |     3 ||     3
Armor: Robe              |    19 |     6 |    11 ||    36
       Skin              |       |       |    17 ||    17
Dodge: Dodged            |    58 |    32 |   190 ||   280

Table legend: (Time is in decaauts)
 A = Elapsed time spent in this place.
 B = Non-inter-level travel time spent in this place.
 C = Inter-level travel time spent in this place.
 D = Time resting spent in this place.
 E = Time spent auto-exploring this place.
 F = Levels seen in this place.
 G = Mean time per level.
                   A        B        C        D        E       F      G
               +--------+--------+--------+--------+--------+-----+--------+
         Total |  10918 |  10590 |    328 |   1511 |   7196 |   9 | 1213.1 |
       Dungeon |  10824 |  10508 |    316 |   1511 |   7125 |   8 | 1353.0 |
        Temple |     94 |     82 |     12 |      0 |     71 |   1 |   94.0 |
               +--------+--------+--------+--------+--------+-----+--------+

Top non-repeatable levels by time:
     D:6: 2384 daAuts
     D:4: 1559 daAuts
     D:5: 1484 daAuts
     D:1: 1443 daAuts
     D:7: 1340 daAuts
     D:3: 1190 daAuts
     D:2: 1138 daAuts
     D:8: 283 daAuts
  Temple: 94 daAuts
